Map: Cerulean Fall LE

Players

FightingFrog - Winner!

  • Race: Protoss Protoss
  • League: Grandmaster
  • Spawn Location: 1:00

Mixu

  • Race: Zerg Zerg
  • League: Master
  • Spawn Location: 7:00

VOD

Have the link to the VOD?

Description

Time

  • Played on: Nov. 15, 2018, 2:47 p.m.
  • Length: 12:11
Show
View Real Time Build Order
Export as new Build Order

FightingFrog Protoss - Winner!

Build Orders: 1 Gate Expand, Oracle Opening, Phoenix Opening 

Get SALT Encoding   

  12  0:00  Probe  
  13  0:12  Probe  
  14  0:18  Pylon  
  14  0:24  Probe  
  15  0:36  Probe (Chrono Boost)  
  15  0:39  Gateway  
  16  0:43  Assimilator  
  16  0:48  Probe (Chrono Boost)  
  18  0:57  Probe (Chrono Boost)  
  18  1:03  Probe  
  19  1:15  Probe  
  20  1:25  Nexus  
  20  1:36  Cybernetics Core  
  20  1:39  Probe  
  21  1:43  Assimilator  
  21  1:51  Probe  
  22  1:55  Pylon  
  22  2:03  Probe  
  23  2:11  Adept (Chrono Boost)  
  25  2:16  Probe (Chrono Boost)  
  25  2:18  Stargate  
  26  2:26  Warp Gate  
  26  2:27  Probe (Chrono Boost)  
  27  2:33  Probe (Chrono Boost)  
  27  2:34  Adept  
  30  2:38  Probe (Chrono Boost)  
  32  2:47  Probe x2 (Chrono Boost)  
  33  2:52  Probe (Chrono Boost)  
  33  2:54  Probe (Chrono Boost)  
  35  3:02  Phoenix  
  35  3:04  Probe (Chrono Boost)  
  38  3:11  Pylon  
  38  3:12  Probe (Chrono Boost)  
  39  3:14  Probe (Chrono Boost)  
  39  3:19  Probe x2 (Chrono Boost)  
  42  3:30  Zealot, Probe  
  42  3:31  Gateway  
  42  3:33  Probe  
  42  3:34  Oracle  
  49  3:44  Nexus  
  49  3:47  Pylon  
  49  3:51  Assimilator  
  49  3:52  Probe x2  
  51  4:03  Shield Battery  
  51  4:04  Twilight Council  
  51  4:05  Probe  
  51  4:06  Probe  
  51  4:09  Forge  
  53  4:18  Probe x2  
  55  4:27  Pylon  
  55  4:30  Probe x2, Gateway  
  57  4:34  Gateway  
  57  4:38  Zealot x2  
  59  4:40  Protoss Ground Weapons Level 1 (Chrono Boost)  
  59  4:42  Probe, Charge  
  59  4:45  Probe  
  63  4:54  Probe  
  63  4:56  Shield Battery  
  63  4:57  Probe  
  65  5:00  Probe  
  65  5:06  Probe  
  67  5:08  Zealot  
  67  5:09  Probe  
  67  5:10  Robotics Facility  
  67  5:12  Probe  
  67  5:14  Zealot  
  73  5:24  Probe  
  73  5:25  Pylon  
  74  5:28  Gateway  
  74  5:30  Probe x2, Gateway x2  
  76  5:35  Zealot x3  
  76  5:39  Zealot  
  84  5:49  Nexus  
  84  5:54  Warp Prism (Chrono Boost)  
  84  5:56  Zealot x3  
  92  6:05  Fleet Beacon  
  92  6:08  Pylon  
  92  6:09  Pylon  
  92  6:14  Protoss Ground Weapons Level 2 (Chrono Boost)  
  92  6:18  Pylon  
  92  6:25  Pylon x2  
  92  6:29  Pylon  
  92  6:37  Zealot  
  92  6:38  Zealot x6  
  106  6:46  Pylon  
  104  6:47  Pylon  
  104  6:54  Warp Prism  
  104  7:04  Zealot x2  
  104  7:05  Zealot x5  
  116  7:08  Gateway  
  116  7:10  Gateway  
  116  7:11  Gateway  
  116  7:18  Pylon, Mothership (Chrono Boost)  
  124  7:30  Zealot x5  
  134  7:41  Zealot x2, Forge  
  138  7:46  Gateway  
  138  7:48  Gateway  
  138  7:50  Probe x2 (Chrono Boost)  
  141  7:53  Zealot x2, Probe (Chrono Boost)  
  141  7:56  Sentry  
  147  8:00  Zealot x2, Protoss Ground Armor Level 1 (Chrono Boost)  
  147  8:02  Probe (Chrono Boost)  
  152  8:15  Zealot x2  
  152  8:16  Zealot x2  
  150  8:35  Zealot x5  
  150  8:36  Zealot x5  
  150  8:37  Protoss Ground Weapons Level 3 (Chrono Boost)  
  150  8:40  Pylon  
  170  8:41  Pylon  
  170  8:42  Pylon  
  170  8:56  Zealot x5  
  180  9:10  Zealot x4  
  180  9:11  Zealot  
  188  9:19  Observer  
  188  9:21  Probe  
  190  9:31  Zealot x5  
  187  9:55  Pylon  
  187  9:58  Pylon  
  187  9:59  Pylon  
  175  10:01  Pylon  
  175  10:10  Pylon  
  175  10:11  Zealot  
  175  10:12  Zealot x3, Pylon  
  179  10:15  Observer (Chrono Boost)  
  174  10:27  Zealot x4  
  166  10:32  Probe x2  
  166  10:35  Immortal (Chrono Boost), Gateway  
  164  10:36  Gateway  
  164  10:37  Gateway  
  164  10:38  Probe x2  
  164  10:40  Zealot x4  
  160  10:43  Pylon  
  160  10:44  Probe  
  160  10:45  Probe  
  152  10:52  Phoenix  
  126  11:00  Zealot x4  
  126  11:01  Zealot x4  
  136  11:10  Immortal (Chrono Boost)  
  124  11:17  Phoenix  
  124  11:20  Zealot  
  124  11:21  Zealot x9  
  136  11:39  Zealot x3  
  142  11:41  Probe x3  
  142  11:42  Phoenix  
  142  11:44  Zealot x5  
  142  11:45  Zealot x5  
  167  11:49  Observer (Chrono Boost)  
  167  11:52  Nexus  
  167  11:53  Pylon  
Show
View Real Time Build Order
Export as new Build Order

Mixu Zerg 

Build Orders: Hatch First 

Get SALT Encoding   

  12  0:01  Drone  
  13  0:13  Overlord  
  13  0:17  Drone  
  14  0:31  Drone x2  
  16  0:50  Hatchery  
  16  0:52  Drone  
  16  0:55  Drone  
  17  1:00  Drone  
  18  1:10  Extractor  
  17  1:16  Spawning Pool  
  17  1:18  Drone  
  17  1:21  Drone  
  18  1:30  Drone  
  19  1:40  Overlord  
  19  1:51  Drone  
  20  2:02  Queen  
  20  2:03  Queen  
  20  2:04  Zergling x4  
  26  2:10  Metabolic Boost  
  26  2:12  Drone  
  26  2:14  Drone  
  28  2:23  Drone x2  
  30  2:35  Drone x2  
  32  2:42  Hatchery  
  32  2:44  Drone  
  32  2:49  Overlord  
  32  2:56  Drone x2  
  34  3:00  Queen  
  36  3:10  Overlord  
  36  3:11  Drone x3  
  39  3:16  Drone x3  
  39  3:19  Drone  
  43  3:22  Drone  
  43  3:24  Overlord  
  44  3:32  Drone  
  45  3:35  Overlord  
  45  3:36  Queen  
  47  3:42  Drone  
  47  3:44  Drone x3  
  47  3:47  Drone x3  
  54  3:49  Drone  
  55  3:55  Overlord  
  55  3:57  Drone  
  55  3:58  Drone  
  55  4:00  Spore Crawler  
  56  4:03  Spore Crawler  
  56  4:09  Drone x3  
  58  4:10  Queen  
  58  4:14  Drone  
  61  4:18  Extractor x2  
  61  4:19  Drone x4  
  61  4:21  Drone  
  64  4:27  Drone x4  
  64  4:30  Overlord  
  68  4:38  Drone x2  
  68  4:40  Overlord  
  68  4:43  Drone  
  71  4:46  Drone x2  
  71  4:47  Drone  
  71  4:51  Drone x3, Spore Crawler  
  71  4:52  Drone  
  75  4:56  Drone  
  76  5:00  Roach Warren  
  76  5:04  Overlord  
  75  5:11  Drone x4  
  75  5:13  Queen  
  81  5:14  Extractor x2  
  81  5:19  Lair  
  79  5:26  Overlord x2  
  79  5:27  Hatchery  
  78  5:34  Spore Crawler  
  77  5:35  Spine Crawler  
  77  5:39  Roach x9  
  94  5:47  Overlord  
  94  5:49  Drone x3  
  97  5:50  Drone  
  97  5:51  Extractor  
  97  5:53  Drone  
  97  5:54  Drone x2  
  100  5:58  Evolution Chamber  
  100  6:01  Roach x2  
  100  6:02  Roach  
  105  6:06  Roach x4  
  105  6:10  Overlord  
  113  6:14  Spore Crawler  
  112  6:24  Drone x2, Overlord x2  
  114  6:26  Glial Reconstitution, Pneumatized Carapace  
  114  6:30  Zerg Missile Weapons Level 1  
  114  6:31  Drone  
  115  6:33  Roach x4, Hydralisk Den  
  115  6:37  Roach x2  
  121  6:43  Roach x4  
  121  6:46  Roach  
  121  6:47  Roach  
  131  6:49  Drone x2  
  132  6:54  Roach x3  
  132  7:00  Roach x3  
  132  7:01  Roach  
  144  7:04  Muscular Augments  
  144  7:09  Overlord x2  
  144  7:13  Lurker Den  
  144  7:15  Ravager  
  144  7:16  Overseer  
  144  7:27  Overlord  
  144  7:28  Overlord  
  144  7:35  Hydralisk x8  
  160  7:43  Infestation Pit  
  159  7:44  Drone  
  159  7:45  Queen  
  159  7:47  Hydralisk x2  
  159  7:49  Hydralisk  
  167  7:55  Hydralisk  
  167  7:56  Hydralisk  
  171  8:03  Overlord x2  
  171  8:05  Hydralisk  
  171  8:06  Hydralisk  
  175  8:19  Grooved Spines  
  175  8:20  Hive  
  175  8:23  Spire  
  175  8:26  Drone x9  
  175  8:27  Drone  
  182  8:41  Lurker x3  
  185  8:52  Hydralisk x3  
  191  9:05  Overlord  
  191  9:10  Overseer  
  191  9:12  Hatchery  
  191  9:14  Overlord  
  190  9:18  Queen  
  190  9:19  Hatchery  
  191  9:24  Extractor  
  191  9:27  Hydralisk x4  
  191  9:28  Drone, Extractor  
  191  9:29  Overlord  
  196  9:39  Roach x2  
  196  9:44  Hydralisk x3  
  196  9:45  Hydralisk x3  
  180  9:54  Hydralisk x8  
  181  10:05  Hydralisk x3  
  184  10:11  Roach  
  184  10:12  Roach x3  
  184  10:14  Roach x2  
  170  10:16  Overseer  
  170  10:19  Roach  
  151  10:25  Roach  
  151  10:26  Roach x8  
  144  10:31  Hydralisk  
  113  10:36  Roach  
  113  10:37  Roach  
  109  10:43  Roach  
  109  10:45  Zergling x8  
  97  10:57  Roach x3  
  97  11:38  Drone x6  
  103  11:40  Drone x2  
  103  11:41  Drone  
  103  11:46  Spawning Pool  
Tags
 
Add a new tag
Caveats
  • Supply blocks, unpowered buildings, or Contaminate may cause inaccurate times.
  • Supply counts are checked every 10 seconds.